 Dungeon Crawl Stone Soup version 0.19-a0-1662-gb81896f (webtiles) character file.

132 Deemzul the Slasher (level 5, -6/37 HPs)
             Began as an Octopode Monk on Sept 21, 2016.
             Mangled by an ogre
             ... wielding a +0 giant spiked club
              (19 damage)
             ... on level 3 of the Dungeon.
             The game lasted 00:02:06 (2193 turns).

Deemzul the Slasher (Octopode Monk)                 Turns: 2193, Time: 00:02:07

Health: -6/37      AC:  1    Str: 10    XL:     5   Next: 15%
Magic:  5/5        EV: 15    Int: 12    God:
Gold:   164        SH:  0    Dex: 16    Spells: 0 memorised, 4 levels left

rFire  . . .     SeeInvis .     a - +0 falchion
rCold  . . .     Gourm    .     (no shield)
rNeg   . . .     Faith    .     (helmet restricted)
rPois  .         Spirit   .     x - amulet of dismissal
rElec  .         Dismiss  +     (no ring)
rCorr  .         Reflect  .     (no ring)
MR     .....     Harm     .     (no ring)
Stlth  +++.......               (no ring)
                                (no ring)
                                (no ring)
                                (no ring)
                                (no ring)

@: no status effects
A: almost no armour, stealthy swim, amphibious, 8 rings, constrict 8, camouflage
1, gelatinous body 1
a: no special abilities


You were on level 3 of the Dungeon.
You were not hungry.

You visited 1 branch of the dungeon, and saw 3 of its levels.

You collected 164 gold pieces.

Inventory:

Hand Weapons
 a - a +0 falchion (weapon)
Jewellery
 u - an uncursed ring of fire
 x - an amulet of dismissal (around mantle)
Scrolls
 c - 3 scrolls of identify {unknown}
 g - a scroll of random uselessness {unknown}
 j - 2 scrolls of remove curse {unknown}
 k - a scroll of enchant armour {unknown}
 n - a scroll of amnesia {unknown}
 o - a scroll of magic mapping {unknown}
 q - a scroll of recharging {unknown}
 r - a scroll of noise {unknown}
 s - a scroll of fog {unknown}
 v - a scroll of fear {unknown}
Potions
 d - a potion of cure mutation {unknown}
 e - a potion of brilliance {unknown}
 h - 2 potions of heal wounds {unknown}
 i - a potion of ambrosia {unknown}
 m - a potion of haste {unknown}
 t - a potion of agility {unknown}
Comestibles
 b - 2 bread rations
 f - 2 royal jellies
 l - 2 meat rations
 p - a slice of pizza
 w - 2 chunks of flesh


   Skills:
 + Level 3.9 Fighting
 * Level 4.4 Long Blades
 + Level 3.7 Dodging
 - Level 2.6 Stealth


You had 4 spell levels left.
You didn't know any spells.

Dungeon Overview and Level Annotations

Branches:
Dungeon (3/15)

Altars:
Cheibriados


Innate Abilities, Weirdness & Mutations

You cannot wear most types of armour.
You are very stealthy in the water.
You are amphibious.
You can wear up to eight rings at the same time.
You can use your tentacles to constrict eight enemies at once.
Your skin changes colour to match your surroundings (Stealth+).
Your rubbery body absorbs attacks. (AC +1, EV +1)


Message History

An ogre comes into view. It is wielding a giant spiked club.
The ogre shouts!
You hear an angry hiss.
Found 22 bolts.
An orc comes into view. It is wielding a mace.
A quokka comes into view.
There are monsters nearby!
The orc shouts!
You hit the ogre.
The ogre is moderately wounded.
The ogre hits you with a giant spiked club!
There are monsters nearby!
There are monsters nearby!
You barely miss the ogre.
The ogre is moderately wounded.
The ogre hits you but does no damage.
You hit the ogre. You squeeze the ogre!
The ogre is severely wounded.
The ogre hits you with a giant spiked club!!
Ouch! That really hurt!
You die...

..... ## #... #r#
#..# #.. #..# #.r
#..# #. #O##..##
#...#@....##
#..?.†...#
##.##...###
#.........########
......>.##.........
###.####.##.########
#. #.##.#
#.####.##.#
#.........#


You could see an ogre, a quokka and a rat.

Vanquished Creatures
  3 gnolls
  3 adders (D:2)
  5 worms
  3 dart slugs
  2 leopard geckos
  A giant cockroach (D:1)
  6 goblins
  6 hobgoblins
  4 jackals (D:1)
  5 kobolds
  A quokka (D:3)
  8 bats
  3 frilled lizards
  9 rats
59 creatures vanquished.

Notes
Turn   | Place    | Note
-------+----------+-------------------------------------------
     0 | D:1      | Deemzul the Octopode Monk began the quest for the Orb.
     0 | D:1      | Reached XP level 1. HP: 16/16 MP: 1/1
   166 | D:1      | Reached XP level 2. HP: 20/21 MP: 2/2
   522 | D:1      | Reached XP level 3. HP: 23/26 MP: 3/3
   753 | D:2      | Found a snail-covered altar of Cheibriados.
   865 | D:2      | Reached skill level 4 in Long Blades
   865 | D:2      | Reached XP level 4. HP: 22/31 MP: 4/4
  1856 | D:2      | Reached XP level 5. HP: 6/37 MP: 5/5
  2189 | D:3      | Noticed an ogre
  2193 | D:3      | Mangled by an ogre

Vault maps used:
D:1:      minmay_arrival_arboretum_small, hex_tiny,
          minmay_misc_feat_more_columns
D:2:      nicolae_overflow_hidden_temple
D:3:      nicolae_dithmenos_through_a_glass_darkly, minmay_distorted

Skill      XL: |  1  2  3 |
---------------+----------+-----
Long Blades    | 4 |  4.4
Fighting       | |  3.9
Dodging        | |  3.7
Stealth        | |  2.6

Action                   |  1- 3 |  4- 6 || total
-------------------------+-------+-------++-------
Melee: Falchion          |    70 |    53 ||   123
       Constrict         |    18 |    13 ||    31
       Tentacles         |     9 |    13 ||    22
 Stab: Sleeping          |    16 |     6 ||    22
       Distracted        |     1 |       ||     1
  Eat: Chunk             |       |     4 ||     4
Armor: Skin              |     4 |     2 ||     6
Dodge: Dodged            |    38 |    22 ||    60
